 Dungeon Crawl Stone Soup version 0.25-a0-589-g1e14c549ee (webtiles) character file.

Game seed: 18017906651923920092, levelgen mode: deterministic

67 Kohma the Changer (level 3, -5/28 HPs)
             Began as a Draconian Transmuter on Mar 10, 2020.
             Slain by an ogre
             ... wielding a +0 giant club
              (33 damage)
             ... on level 5 of the Dungeon.
             The game lasted 00:03:28 (2580 turns).

Kohma the Changer (Draconian Transmuter)            Turns: 2580, Time: 00:03:29

Health: -5/28      AC:  5    Str: 12    XL:     3   Next: 98%
Magic:  6/7        EV: 12    Int: 14    God:
Gold:   141        SH:  0    Dex: 11    Spells: 2/8 levels left

rFire    . . .     SeeInvis .     - Unarmed
rCold    . . .     Gourm    .   (no shield)
rNeg     . . .     Faith    .   (armour unavailable)
rPois    .         Spirit   .   (helmet restricted)
rElec    .         Reflect  .   (no cloak)
rCorr    .         Harm     .   (no gloves)
MR       .....                  (boots currently unavailable)
Stlth    +.........             (no amulet)
HPRegen  0.09/turn              (no ring)
MPRegen  0.10/turn              (no ring)

@: appendage (expiring)
A: unfitting armour, talons 3, cold-blooded, AC +5
a: End Transformation


You were on level 5 of the Dungeon.
You were not hungry.
You had grown temporary talons.
You visited 1 branch of the dungeon, and saw 4 of its levels.

You collected 141 gold pieces.

Inventory:

Missiles
 a - 77 arrows
 b - 98 stones (quivered)
Scrolls
 e - a scroll of amnesia {unknown}
 f - a scroll of remove curse {unknown}
 m - a scroll of blinking {unknown}
 n - a scroll of enchant armour {unknown}
 o - a scroll of teleportation {unknown}
Potions
 d - a potion of cancellation {unknown}
 g - 2 potions of resistance {unknown}
 h - 2 potions of ambrosia {unknown}
 i - a potion of degeneration {unknown}
 j - a potion of brilliance {unknown}
 k - 2 potions of heal wounds {unknown}
Comestibles
 c - 2 rations


   Skills:
 - Level 1.1 Fighting
 - Level 1.7 Dodging
 - Level 3.0 Unarmed Combat
 - Level 3.0 Spellcasting
 + Level 3.1 Transmutations
 * Level 1.3 Poison Magic


You had 2 spell levels left.
You knew the following spells:

 Your Spells              Type           Power        Failure   Level  Hunger
a - Beastly Appendage     Tmut           ##....       6%          1    #......
b - Sticks to Snakes      Tmut           ##......     9%          2    ##.....
c - Spider Form           Tmut/Pois      #.........   26%         3    ###....

Your spell library contained the following spells:

 Spells                   Type           Power        Failure   Level  Hunger
 Ice Form                 Ice/Tmut       #.......     75%         4    #####..
 Blade Hands              Tmut           ##........   86%         5    ######.


Dungeon Overview and Level Annotations

Branches:
Dungeon (3/15)

Altars:
Ashenzari
Yredelemnul


Innate Abilities, Weirdness & Mutations

Your plain brown scales are hard. (AC +5)
You cannot fit into any form of body armour.
You are cold-blooded and may be slowed by cold attacks.
You have claws for feet.


Message History

You tail-slap the crimson imp, but do no damage.
The crimson imp is lightly wounded.
The crimson imp misses you.
You miss the crimson imp.
The crimson imp is lightly wounded.
The crimson imp hits you but does no damage.
An ogre comes into view. It is wielding a +0 giant club.
The ogre shouts!
You hit the crimson imp.
The crimson imp is moderately wounded.
The crimson imp blinks!
You hit the ogre.
The ogre is lightly wounded.
The ogre barely misses you.
You barely miss the ogre.
The ogre is lightly wounded.
Your transformation is almost over.
The ogre hits you with a +0 giant club!!
Ouch! That really hurt!
You die...

.. #. #.
##### # #.
..... #.#.
......
#.#.###......
#....@O......
###....#5....
#ยง.###...[.
#..........
#.........
##.#######
#.# #.# #.#


You could see an ogre and a crimson imp.

Vanquished Creatures
  3 adders (D:2)
  A worm (D:2)
  4 dart slugs
  A leopard gecko (D:1)
  3 bats
  4 goblins
  A hobgoblin (D:1)
  A quokka (D:2)
  5 kobolds
  8 rats
  A spectral orc (D:2)
32 creatures vanquished.

Notes
Turn   | Place    | Note
-------+----------+-------------------------------------------
     0 | D:1      | Kohma the Draconian Transmuter began the quest for the Orb.
     0 | D:1      | Reached XP level 1. HP: 16/16 MP: 3/3
   133 | D:1      | You fall into a shaft and drop 1 floor!
   176 | D:2      | Reached XP level 2. HP: 5/23 MP: 3/5
   193 | D:2      | HP: 1/23 [poisoned by an adder]
  1150 | D:1      | Reached XP level 3. HP: 26/28 MP: 5/7
  1182 | D:1      | Learned a level 2 spell: Sticks to Snakes
  1186 | D:1      | Learned a level 3 spell: Spider Form
  1831 | D:2      | Found a shattered altar of Ashenzari.
  1939 | D:2      | Reached skill level 1 in Poison Magic
  2487 | D:2      | Found a basalt altar of Yredelemnul.
  2560 | D:3      | You fall into a shaft and drop 2 floors!
  2560 | D:5      | Entered Level 5 of the Dungeon
  2576 | D:5      | Noticed an ogre
  2580 | D:5      | Slain by an ogre

Levels and vault maps discovered:
D:1:      minmay_arrival_shattered_statue, layout_basic
D:2:      layout_loops_corners, yredelemnul_forgotten_temple_becter,
          overflow_temple_1_default, ebering_dispersal_statue_hall
D:3:      layout_rooms, lemuel_doored_altar, elyvilon_altar_4,
          minmay_starry_boxes
D:5:      layout_loops_cross, lemuel_coloured_pillars_altar,
          minmay_temple_entry_overgrown, first_ration

Skill      XL: |  1  2  3 |
---------------+----------+-----
Transmutations | 3 |  3.1
Poison Magic   | 1 |  1.3
Spellcasting   | 3 |  3.0
Fighting       | |  1.1
Dodging        | |  1.7
Unarmed Combat | |  3.0

Action                   || total
-------------------------++-------
Melee: Unarmed           ||   137
       Tailslap          ||    17
       Punch             ||     1
       Kick              ||     4
       Headbutt          ||     4
 Cast: Beastly Appendage ||    18
       Sticks to Snakes  ||     2
  Eat: Chunk             ||     6
Armor: Skin              ||    48
Dodge: Dodged            ||   108

Table legend:
 A = Non-vault XP
 B = Vault XP
 C = Vault XP percentage of total XP
 D = Non-vault monster count
 E = Vault monster count
 F = Vault count percentage of total count
                 A         B        C        D         E       F
            +---------+---------+-------+---------+---------+-------
      Total |      95 |       1 |   1.0 |      31 |       1 |   3.1
            +---------+---------+-------+---------+---------+-------
        D:1 |      24 |       0 |   0.0 |      11 |       0 |   0.0
        D:2 |      71 |       1 |   1.4 |      20 |       1 |   4.8
            +---------+---------+-------+---------+---------+-------
